[Event "Early-Titled-Tuesday-Blitz-March-19-2024"]
[Site "Chess.com"]
[Date "2024.03.19"]
[Round "2"]
[White "Dr_Pepper18"]
[Black "Grossboss19"]
[Result "0-1"]
[WhiteElo "2355"]
[BlackElo "2579"]
[TimeControl "180+1"]
[EndTime "8:18:06 PDT"]
[Termination "Grossboss19 won by resignation"]

1. d4 Nf6 2. Nf3 e5 3. Nxe5 d5 4. c4 dxc4 5. e3 b5 6. a4 c6 7. b3 Bb4+ 8. Bd2 Bxd2+ 9. Qxd2 a5 10. bxc4 b4 11. Bd3 O-O 12. O-O Re8 13. Qc2 c5 14.
Nf3 Nc6 15. d5 Ne5 16. Nxe5 Rxe5 17. Nd2 Bg4 18. e4 g5 19. f4 gxf4 20. Rxf4 Bh5 21.
Qb2 Qe7 22. Raf1 Ne8 23. Rf5 Rxf5 24. Rxf5 Bg6 25. Qe5 Ra7 26. Qxe7 Rxe7 27. Rf4 Nd6 28. Kf2 Kg7 29. Kf3 f6 30. Nb3 Nb7 31. g4 Be8 32. g5 fxg5 33. Rf5 h6 34. d6 Rf7 35. e5 Bxa4 36. Rxf7+ Kxf7 37. Nd2 Bc6+ 38. Ke3 a4 39. Bf5 Nd8 40. Ne4 Bxe4 41. Kxe4 a3 42. e6+ Nxe6 43. Ke5 a2 44. Bxe6+ Ke8 0-1

[Event "Early-Titled-Tuesday-Blitz-March-19-2024"]
[Site "Chess.com"]
[Date "2024.03.19"]
[Round "2"]
[White "MikeSailer"]
[Black "venturov"]
[Result "0-1"]
[WhiteElo "2116"]
[BlackElo "2479"]
[TimeControl "180+1"]
[EndTime "8:18:06 PDT"]
[Termination "venturov won by checkmate"]

1. d4 Nf6 2. Nf3 g6 3. Bf4 Bg7 4. e3 O-O 5. Be2 c5 6. c3 d6 7. O-O a6 8. a4 b6 9. Nbd2 Bb7 10. h3 Nbd7 11. b4 Rc8 12. Re1 cxb4 13. cxb4 a5 14.
b5 Nd5 15. Bg5 Nc3 16. Qb3 Nxe2+ 17. Rxe2 h6 18. Bh4 g5 19. Bg3 Nf6 20. Ree1 Qd7 21. Rac1 Nd5 22. Nc4 Qd8 23. e4 Nb4 24. d5 Rc5 25.
Red1 Qc7 26. Nfd2 Rc8 27. Kh2 Nxd5 28. exd5 Bxd5 29. Qe3 Bxc4 30. Nxc4 Rxc4 31. Rxc4 Qxc4 32. Qxe7 Qxa4 33. Rxd6 Qxb5 34. Rd7 Qf5 35. Rb7 b5 36. Ra7 a4 37. Qb7 h5 38. f3 h4 39. Bd6 Be5+ 40.
Bxe5 Qxe5+ 41. Kg1 Qe1+ 42. Kh2 Qg3+ 43. Kg1 Rc1# 0-1

[Event "Early-Titled-Tuesday-Blitz-March-19-2024"]
[Site "Chess.com"]
[Date "2024.03.19"]
[Round "2"]
[White "Matrix3x3a"]
[Black "stollenmonster"]
[Result "0-1"]
[WhiteElo "2623"]
[BlackElo "2917"]
[TimeControl "180+1"]
[EndTime "8:18:07 PDT"]
[Termination "stollenmonster won by checkmate"]

1. d4 Nf6 2. c4 e6 3. Nf3 d5 4. g3 Ne4 5. Bg2 Be7 6. O-O O-O 7. Nc3 f5 8. Ne5 c6 9. Nxe4 dxe4 10. f3 exf3 11.
Bxf3 Nd7 12. Nxd7 Bxd7 13. Bf4 g5 14. Be5 Bf6 15. Bxf6 Qxf6 16. e3 Rad8 17. Qc2 Be8 18. Rad1 Bg6 19. Qc3 Kg7 20. b4 Rfe8 21. a4 Rd7 22. b5 cxb5 23. axb5 Rde7 24. Ra1 b6 25. Rfe1 e5 26. d5 Rc7 27. Be2 h5 28. Ra4 f4 29. Rf1 Be4 30. Qa1 Kh6 31. Rxa7 Rxa7 32. Qxa7 f3 33. Rf2 Rf8 34. Bf1 Bg6 35. Qa3 e4 36. h3 Rf7 37. Qb4 Qe5 38. Qe1 Qxg3+ 39. Kh1 Ra7 40. Qc3 Qxf2 41. Qh8+ Rh7 42. Qf8+ Rg7 43. Qh8+ Bh7 44. Qd8 Qxf1+ 45. Kh2 Qg2# 0-1

[Event "Early-Titled-Tuesday-Blitz-March-19-2024"]
[Site "Chess.com"]
[Date "2024.03.19"]
[Round "2"]
[White "Nitzan_Steinberg"]
[Black "KChor05"]
[Result "1-0"]
[WhiteElo "2872"]
[BlackElo "2610"]
[TimeControl "180+1"]
[EndTime "8:18:08 PDT"]
[Termination "Nitzan_Steinberg won by resignation"]

1. d4 Nf6 2. c4 g6 3. Nc3 Bg7 4. g3 O-O 5. Bg2 Re8 6. Nf3 d6 7.
O-O Na6 8. e3 c5 9. b3 Bf5 10.
Nh4 Bc8 11. Bb2 Rb8 12. Qd2 Bd7 13. Rad1 Bg4 14. Nf3 Qc8 15. Rfe1 Qf5 16. Nh4 Qh5 17. f3 Bd7 18. e4 cxd4 19. Qxd4 Nb4 20. Qf2 Qa5 21.
a3 Nc6 22. b4 Qh5 23. Nd5 Nxd5 24. Bxg7 Nf4 25. gxf4 Kxg7 26. Rd5 Qh6 27. Qg3 Kh8 28.
Red1 Be6 29. Rg5 Bxc4 30. f5 f6 31. Nxg6+ hxg6 32. Rxg6 Qh7 33. Qf4 Rg8 34. Rh6 Ne5 35. Rxh7+ Kxh7 36. Qh4+ Kg7 37. f4 Nd3 38. Rxd3 Bxd3 39.
Qg3+ 1-0

[Event "Early-Titled-Tuesday-Blitz-March-19-2024"]
[Site "Chess.com"]
[Date "2024.03.19"]
[Round "2"]
[White "vugarrasulov"]
[Black "GMAneta"]
[Result "1-0"]
[WhiteElo "2981"]
[BlackElo "2663"]
[TimeControl "180+1"]
[EndTime "8:18:09 PDT"]
[Termination "vugarrasulov won on time"]

1. d4 d5 2. c4 c6 3. Nc3 Nf6 4. e3 e6 5. Nf3 Nbd7 6. Bd3 Be7 7. O-O O-O 8. e4 dxe4 9. Nxe4 b6 10. Bf4 c5 11. dxc5 Nxc5 12. Nxc5 Bxc5 13. Qe2 Bb7 14. Rad1 Qe7 15. a3 a5 16. Bg5 h6 17. Bh4 Rfd8 18.
Ne5 Rd4 19. Bxf6 gxf6 20. Nf3 Rg4 21. h3 Rg7 22. Be4 Rc8 23. Rd3 Ba6 24. Rc3 f5 25.
Bb1 Bb7 26. Rd1 Rd8 27. Rcd3 Rxd3 28. Qxd3 Kh7 29. Qc3 Qc7 30. Kf1 Qf4 31. b4 axb4 32.
axb4 Bxb4 33. Qd3 Bc5 34. Re1 Be4 35. Qb3 Bxf3 36. Qxf3 Qxc4+ 37. Bd3 Qd4 38. Rd1 Qe5 39. g4 Qh2 40. Ke2 Rg5 41. gxf5 Qe5+ 42. Kf1 exf5 43. Re1 1-0

[Event "Early-Titled-Tuesday-Blitz-March-19-2024"]
[Site "Chess.com"]
[Date "2024.03.19"]
[Round "2"]
[White "Schattman"]
[Black "javirec"]
[Result "1-0"]
[WhiteElo "2514"]
[BlackElo "2235"]
[TimeControl "180+1"]
[EndTime "8:18:09 PDT"]
[Termination "Schattman won by checkmate"]

1. b3 e5 2. c4 Nf6 3. Bb2 Nc6 4. e3 d5 5. cxd5 Nxd5 6. a3 Bd6 7. Qc2 O-O 8. Nf3 h6 9. Bb5 e4 10. Qxe4 Be6 11. Qc2 Nce7 12. Nc3 c6 13. Be2 Ng6 14. g3 a5 15. O-O Re8 16. e4 Nb6 17. d4 Be7 18. Rfd1 a4 19. Nxa4 Nxa4 20. bxa4 Qa5 21. Bc4 Bxc4 22. Qxc4 Qxa4 23. Qxa4 Rxa4 24.
d5 cxd5 25. exd5 Bd6 26. Rab1 Rea8 27. h4 Nf8 28. Bc1 Bxa3 29. Rxb7 Bc5 30. Rb5 Nd7 31. Ne5 Nxe5 32. Rxc5 Ra2 33. d6 Kf8 34. Bf4 Nd7 35.
Rc7 Ke8 36. Re1+ Kd8 37. Re7 Nf6 38. Rxf7 Re2 39. Rxg7 Ne8 40. Rgd7# 1-0

[Event "Early-Titled-Tuesday-Blitz-March-19-2024"]
[Site "Chess.com"]
[Date "2024.03.19"]
[Round "2"]
[White "Polish_fighter3000"]
[Black "Mikhail_Golubev"]
[Result "1-0"]
[WhiteElo "3158"]
[BlackElo "2725"]
[TimeControl "180+1"]
[EndTime "8:18:10 PDT"]
[Termination "Polish_fighter3000 won on time"]

1. e4 c5 2. Nf3 d6 3. d4 cxd4 4. Nxd4 Nf6 5. Nc3 g6 6. Be3 Bg7 7. f3 O-O 8. Qd2 Nc6 9. O-O-O d5 10. Qe1 e5 11. Nxc6 bxc6 12. exd5 Nxd5 13. Bc4 Be6 14.
Kb1 Re8 15. Ne4 f5 16. Ng5 Bc8 17. h4 Rb8 18. Bxa7 Rb7 19. Bc5 h6 20. Ne4 fxe4 21. fxe4 Be6 22. Bb3 Qa8 23. exd5 cxd5 24. Qg3 Rc8 25.
Bd6 Rxb3 26. cxb3 Qa6 27. Bb4 Bf5+ 28. Ka1 d4 29. h5 g5 30. Rhf1 Ra8 31. a3 Bc2 32.
Rc1 e4 33. Ka2 d3 34. Qc7 Qe6 35. Rxc2 dxc2 36. Qxc2 Rc8 37. Qe2 Rd8 38. Rd1 1-0

[Event "Early-Titled-Tuesday-Blitz-March-19-2024"]
[Site "Chess.com"]
[Date "2024.03.19"]
[Round "2"]
[White "Zq1"]
[Black "vladislavkovalev"]
[Result "0-1"]
[WhiteElo "2609"]
[BlackElo "2867"]
[TimeControl "180+1"]
[EndTime "8:18:10 PDT"]
[Termination "vladislavkovalev won by resignation"]

1. d4 Nf6 2. c4 e6 3. Nf3 b6 4. g3 Ba6 5. b3 Bb4+ 6. Bd2 Be7 7. Bg2 d5 8. Qc2 O-O 9. a4 Bb7 10. a5 c5 11. dxc5 bxc5 12. cxd5 exd5 13. O-O Na6 14. Rd1 h6 15. e3 Rc8 16. Bc3 Qc7 17. Qb2 Rfd8 18. Be5 Qc6 19. Bf4 Ne4 20. Nbd2 Qe6 21.
Nxe4 dxe4 22. Nd2 Bf6 23. Qb1 Bxa1 24. Qxa1 g5 25. Be5 Nb4 26. Bh8 Qg6 27. Bc3 Rd6 28. Nc4 Rxd1+ 29. Qxd1 Nd3 30. Ne5 Qe6 31. Nxd3 Rd8 32.
Qa1 Rxd3 33. Bh8 f6 34. Bxf6 Qd5 35. Bf1 Rd1 36. Qc3 Ba6 0-1

[Event "Early-Titled-Tuesday-Blitz-March-19-2024"]
[Site "Chess.com"]
[Date "2024.03.19"]
[Round "2"]
[White "visa"]
[Black "Viktoker"]
[Result "0-1"]
[WhiteElo "2334"]
[BlackElo "2560"]
[TimeControl "180+1"]
[EndTime "8:18:11 PDT"]
[Termination "Viktoker won on time"]

1. Nf3 d5 2. b3 Bg4 3. Bb2 Nd7 4. g3 e5 5. h3 Bxf3 6. exf3 Bd6 7. d4 Ngf6 8. dxe5 Nxe5 9. f4 Nc6 10. Qe2+ Kd7 11. Qd3 Re8+ 12. Be2 Qe7 13. Nc3 d4 14. Nb5 Nb4 15. Qd2 Qxe2+ 16. Qxe2 Nxc2+ 17. Kf1 Rxe2 18. Kxe2 Nxa1 19. Rxa1 c5 20. b4 b6 21. bxc5 bxc5 22. Nxd6 Kxd6 23. Ba3 Kd5 24. Rb1 Re8+ 25. Kf3 Ne4 26.
Rb7 Nd2+ 27. Kg2 Nc4 28. Rxa7 d3 29. Rd7+ Ke4 30. f3+ Ke3 31. Bxc5+ Ke2 32. Bb4 Rb8 33. a3 Ra8 34. Re7+ Kd1 35. Rxf7 Nxa3 36. Rxg7 Nc2 37.
Bc3 Ra2 38. Rxh7 Ne3+ 39. Kg1 Kc2 0-1

[Event "Early-Titled-Tuesday-Blitz-March-19-2024"]
[Site "Chess.com"]
[Date "2024.03.19"]
[Round "2"]
[White "IMSlavin"]
[Black "NelsonLinda"]
[Result "0-1"]
[WhiteElo "2323"]
[BlackElo "2651"]
[TimeControl "180+1"]
[EndTime "8:18:12 PDT"]
[Termination "NelsonLinda won by resignation"]

1. e4 d5 2. Nc3 Nf6 3. e5 Ne4 4. Nxe4 dxe4 5. d4 exd3 6. Bxd3 Nc6 7. f4 Nb4 8. Bb5+ c6 9. Qxd8+ Kxd8 10. Ba4 Bf5 11.
Kd1 Kc7 12. a3 Rd8+ 13. Bd2 Nd5 14. Ke2 e6 15. Nf3 Bc5 16. b4 Be3 17. Bxe3 Nc3+ 18. Kf2 Nxa4 19. c4 Nb2 20. Bxa7 Nxc4 21. Rac1 Nxa3 22.
Bc5 Nb5 23. h3 Rd3 24. g4 Be4 25. Ng5 Bxh1 26. Rxh1 Rd7 27. f5 b6 28. fxe6 fxe6 29. Nxe6+ Kb7 30. Bf8 Nc7 31. Bxg7 Rg8 32. Nxc7 Rgxg7 33. Ne6 Rge7 34. Ng5 Rxe5 35. h4 h6 36. Nf3 Rf7 37.
Kg3 Re3 38. Rf1 c5 39. bxc5 bxc5 40. g5 h5 41. g6 Rg7 42. Kf4 Re6 43. Ne5 Rf6+ 44.
Kg5 Rxf1 45. Kh6 Rg8 46. Kxh5 Rf5+ 47. Kh6 Rxe5 48. h5 c4 49. Kh7 Rxh5+ 50. Kxg8 Rg5 51. Kf7 c3 52. g7 c2 53. g8=R Rxg8 54. Kxg8 c1=Q 0-1

[Event "Early-Titled-Tuesday-Blitz-March-19-2024"]
[Site "Chess.com"]
[Date "2024.03.19"]
[Round "2"]
[White "LiamPutnam2008"]
[Black "Vse_po_kaify"]
[Result "1-0"]
[WhiteElo "2880"]
[BlackElo "2438"]
[TimeControl "180+1"]
[EndTime "8:18:12 PDT"]
[Termination "LiamPutnam2008 won by checkmate"]

1. e4 e5 2. Nf3 Nf6 3. Nxe5 d6 4.
Nf3 Nxe4 5. d4 d5 6. Bd3 Bd6 7. O-O O-O 8. c4 c6 9. Nc3 Nxc3 10. bxc3 h6 11. c5 Bc7 12. Qc2 b6 13. cxb6 axb6 14.
Re1 Ba6 15. Bh7+ Kh8 16. Ne5 Bxe5 17. dxe5 Nd7 18. Bf5 Nc5 19. Be3 Bc4 20. Qd2 Ne4 21. Qc1 Qe7 22. Bxh6 Qxe5 23. Bxe4 dxe4 24. Bf4 Qf5 25.
Be3 c5 26. a4 Rfd8 27. Qb2 Rd6 28. a5 bxa5 29. Rxa5 Rxa5 30. Qb8+ Kh7 31. Qxd6 Ra3 32. Bxc5 Rxc3 33. Qd4 Rc2 34. Bb4 Bd5 35. Bc3 f6 36. h3 e3 37. Qxe3 Qg6 38. g4 Ra2 39. Rd1 Ba8 40. Kh2 f5 41. Kg3 fxg4 42. hxg4 Qc6 43.
Qd3+ Kg8 44. Qd8+ Kh7 45. Qh4+ Kg8 46. Rd8+ Kf7 47. Qh5+ Ke7 48. Qg5+ Ke6 49. Qe5+ Kf7 50. Qxg7+ Ke6 51. Qf6# 1-0

[Event "Early-Titled-Tuesday-Blitz-March-19-2024"]
[Site "Chess.com"]
[Date "2024.03.19"]
[Round "2"]
[White "yosephtaher"]
[Black "IMRosen"]
[Result "1-0"]
[WhiteElo "2972"]
[BlackElo "2658"]
[TimeControl "180+1"]
[EndTime "8:18:13 PDT"]
[Termination "yosephtaher won by checkmate"]

1. c4 e6 2. Nf3 d5 3. d4 Nf6 4. g3 dxc4 5. Bg2 Bb4+ 6. Bd2 c5 7.
dxc5 Bxc5 8. Qa4+ Nbd7 9. Qxc4 b5 10. Qxb5 Rb8 11. Qa4 Rxb2 12. Bc3 Qb6 13. O-O Bxf2+ 14. Rxf2 Rxb1+ 15. Rxb1 Qxb1+ 16. Rf1 Qb8 17. Qa3 Bb7 18.
Rb1 Qc7 19. Bd4 a6 20. Rc1 Qd8 21. Qb4 Bd5 22. Bb2 Qb6+ 23. Qxb6 Nxb6 24. Bd4 Nc4 25. Bxf6 gxf6 26. e4 Ke7 27. exd5 exd5 28. Nd4 Kd6 29.
Nc2 Rb8 30. Rd1 Rb5 31. a4 Rc5 32. Nb4 Nb6 33. Nxa6 Rc4 34. a5 Na4 35. Bxd5 Nc3 36. Bxc4+ Nxd1 37. Bxf7 Nb2 38. Nb4 Kc5 39. a6 Kxb4 40. a7 f5 41. a8=Q Kc3 42. Qc6+ Kd2 43. Qg2+ Kc1 44. Bb3 Kb1 45. Qc2+ Ka1 46. Qc1# 1-0

[Event "Early-Titled-Tuesday-Blitz-March-19-2024"]
[Site "Chess.com"]
[Date "2024.03.19"]
[Round "2"]
[White "tetrix83"]
[Black "Zhigalko_Sergei"]
[Result "0-1"]
[WhiteElo "2603"]
[BlackElo "2856"]
[TimeControl "180+1"]
[EndTime "8:18:13 PDT"]
[Termination "Zhigalko_Sergei won by resignation"]

1. Nf3 d5 2. g3 c6 3. Bg2 Bg4 4.
h3 Bh5 5. c4 e6 6. cxd5 cxd5 7.
Qb3 Qc7 8. Nc3 Nc6 9. d3 Nf6 10. Bf4 Qd7 11. g4 Bg6 12. O-O Be7 13. e4 O-O 14.
Ne5 Nxe5 15. Bxe5 Rfd8 16. Rfd1 Rac8 17. Bd4 b6 18. f4 dxe4 19. dxe4 Qc7 20. Be5 Qc5+ 21.
Kh2 h6 22. Rxd8+ Rxd8 23. Rd1 Qe3 24. Rxd8+ Bxd8 25. Qd1 Be7 26. Qf3 Qd2 27. f5 Bh7 28. Bf4 Qxb2 29. e5 Nd7 30. Qa8+ Bf8 31. fxe6 fxe6 32. Qc6 Nc5 33. Na4 Qxa2 34. Nxc5 bxc5 35. Qc8 Be4 0-1

[Event "Early-Titled-Tuesday-Blitz-March-19-2024"]
[Site "Chess.com"]
[Date "2024.03.19"]
[Round "2"]
[White "GodzillaChessYoutube"]
[Black "sergoy"]
[Result "1-0"]
[WhiteElo "2665"]
[BlackElo "2935"]
[TimeControl "180+1"]
[EndTime "8:18:14 PDT"]
[Termination "GodzillaChessYoutube won by resignation"]

1. c4 e5 2. e3 Nf6 3. Nc3 Nc6 4. a3 g6 5. g3 Bg7 6. Bg2 O-O 7. Nge2 h5 8. h3 d6 9. Nd5 h4 10. g4 Nxd5 11.
cxd5 Ne7 12. d4 f5 13. dxe5 dxe5 14. gxf5 Nxf5 15. Nc3 Nd6 16. e4 b6 17. b3 Ba6 18.
Be3 Rc8 19. Qg4 c6 20. Qxg6 cxd5 21. Nxd5 Qd7 22. Bg5 Qf7 23. Ne7+ Kh8 24. Qxf7 Nxf7 25. Nxc8 Nxg5 26. Nxa7 Ne6 27. Nc6 Bb5 28. Ne7 Kh7 29.
Nf5 Bf6 30. O-O-O Nd4 31. Nxd4 exd4 32. f4 Rc8+ 33. Kb1 Rc3 34. e5 Be7 35. Bd5 Bd3+ 36. Rxd3 Rxd3 37. Be4+ Kh6 38. Bxd3 Bc5 39. f5 Kg5 40.
Rg1+ Kf4 41. f6 Kxe5 42. f7 Ke6 43. Bc4+ Ke5 44. Rg8 Kf4 45. f8=Q+ Bxf8 46. Rxf8+ Kg3 47. Kc2 Kxh3 48. Rg8 Kh2 49. Kd3 h3 50. Kxd4 b5 51. Bxb5 Kh1 52. Rh8 Kg2 53. Rxh3 Kxh3 54. a4 Kg4 55. a5 1-0

[Event "Early-Titled-Tuesday-Blitz-March-19-2024"]
[Site "Chess.com"]
[Date "2024.03.19"]
[Round "2"]
[White "cande_francisco"]
[Black "Yushko_Olga"]
[Result "1-0"]
[WhiteElo "2506"]
[BlackElo "2211"]
[TimeControl "180+1"]
[EndTime "8:18:14 PDT"]
[Termination "cande_francisco won by checkmate"]

1. e4 e6 2. d4 d5 3. Nc3 Nf6 4. Bg5 dxe4 5. Nxe4 Be7 6. Bxf6 Bxf6 7. Nf3 O-O 8. Qd2 c5 9. Nxc5 Nc6 10. c3 b6 11.
Ne4 Bb7 12. Bd3 g6 13. Nxf6+ Qxf6 14. Be4 Rad8 15. Qe3 Qe7 16. h4 f5 17. Bc2 f4 18.
Qe2 Qf6 19. Ng5 e5 20. Bb3+ Kh8 21. Ne6 exd4 22. Nxf8 d3 23. Qe6 d2+ 24. Kd1 Qxf8 25. h5 Re8 26. Qd7 Re7 27. Qxd2 Ne5 28. Kc2 Be4+ 29.
Kc1 Nd3+ 30. Kb1 Nb4+ 31. Kc1 Nd3+ 32. Kb1 Nxf2+ 33. Bc2 Nxh1 34. Qd4+ Qg7 35. Qd8+ Qg8 36. Qxe7 Bxc2+ 37. Kxc2 Ng3 38. h6 Qb8 39. Qf6+ Kg8 40. Qg7# 1-0

[Event "Early-Titled-Tuesday-Blitz-March-19-2024"]
[Site "Chess.com"]
[Date "2024.03.19"]
[Round "2"]
[White "platy3"]
[Black "manitodeplomo"]
[Result "1-0"]
[WhiteElo "2957"]
[BlackElo "2653"]
[TimeControl "180+1"]
[EndTime "8:18:16 PDT"]
[Termination "platy3 won by resignation"]

1. e4 e6 2. d4 d5 3. Nc3 Bb4 4. Ne2 Nc6 5. a3 Ba5 6. b4 Bb6 7. Bb2 Nf6 8. e5 Ng4 9. Na4 O-O 10.
Nxb6 axb6 11. Ng3 Qh4 12. Be2 f5 13. Bxg4 fxg4 14. Qd2 Bd7 15. O-O-O Rf7 16. Rde1 Raf8 17. Re2 Ne7 18. Qe1 Bb5 19. Rd2 Ng6 20. h3 Nf4 21.
hxg4 Qxg4 22. f3 Qg6 23. Kb1 h6 24. Rh4 h5 25. Rh2 Qg5 26. Nh1 Ng6 27. Bc1 h4 28.
Nf2 Qf5 29. Ng4 Rc8 30. Qe3 c5 31. dxc5 bxc5 32. bxc5 Rfc7 33. a4 Bxa4 34. Ba3 b6 35.
Qd4 Be8 36. Ne3 Qg5 37. cxb6 Rc3 38. b7 Rxe3 39. bxc8=Q 1-0

[Event "Early-Titled-Tuesday-Blitz-March-19-2024"]
[Site "Chess.com"]
[Date "2024.03.19"]
[Round "2"]
[White "nikitakhoroshev"]
[Black "cthulhuuu"]
[Result "1-0"]
[WhiteElo "2681"]
[BlackElo "2368"]
[TimeControl "180+1"]
[EndTime "8:18:16 PDT"]
[Termination "nikitakhoroshev won on time"]

1. e4 d6 2. d4 Nf6 3. Nc3 c6 4. f4 Qb6 5. Nf3 Bg4 6. Be2 e6 7. a3 d5 8. e5 Nfd7 9. Be3 c5 10. Qd2 Bxf3 11. Bxf3 cxd4 12. Bxd4 Qa5 13. Ne4 Qxd2+ 14.
Nxd2 Nc6 15. Bf2 Rc8 16. c4 dxc4 17. Nxc4 Nd4 18. Bxd4 Rxc4 19. Rd1 Bc5 20. Bxc5 Nxc5 21. b4 Nb3 22. Bxb7 O-O 23. O-O Nd4 24. Rfe1 Nc2 25. Re4 Nxa3 26. Ra1 Rxe4 27. Bxe4 Nb5 28. Bd3 Nc3 29.
Rxa7 Rd8 30. Bf1 g6 31. g3 Rd1 32. Rb7 Rb1 33. Kf2 Nd1+ 34. Kf3 Rb3+ 35. Ke2 Nc3+ 36. Kd2 Nd5 37. b5 Rb2+ 38. Kd3 Rxh2 39. Kd4 Rb2 40. Bc4 Rb4 41. Kc5 Rb2 42. Bxd5 exd5 43. Kxd5 Rb3 44.
Rb8+ Kg7 45. b6 Rxg3 46. b7 Rb3 47. Kc6 h5 48. Rd8 Rc3+ 49. Kb6 Rb3+ 50. Kc7 Rc3+ 51. Kd7 Rd3+ 52. Ke7 Rb3 53. b8=Q 1-0

[Event "Early-Titled-Tuesday-Blitz-March-19-2024"]
[Site "Chess.com"]
[Date "2024.03.19"]
[Round "2"]
[White "SARGISMV"]
[Black "newauto"]
[Result "1-0"]
[WhiteElo "2482"]
[BlackElo "2129"]
[TimeControl "180+1"]
[EndTime "8:18:16 PDT"]
[Termination "SARGISMV won by resignation"]

1. d4 c6 2. c4 d5 3. Nc3 Nf6 4. Nf3 dxc4 5. a4 Bf5 6. Ne5 Nbd7 7. Nxc4 e6 8. f3 Bb4 9. e4 Bg6 10. Be3 O-O 11. Bd3 Re8 12. O-O e5 13. Qb3 exd4 14. Qxb4 dxe3 15. Nxe3 Qb6 16. Qxb6 axb6 17. Rfd1 Ne5 18.
Be2 Red8 19. g4 h6 20. Kf2 Nfd7 21. b4 f6 22. h4 Bf7 23. f4 Ng6 24. Kg3 Ne7 25. Rd6 Nc8 26. Rd2 Kf8 27. Rad1 Be8 28. e5 fxe5 29. fxe5 Ne7 30. e6 b5 31. exd7 Bf7 32. a5 Ng6 33. Nf5 Ne5 34. Kf4 Nc4 35.
Bxc4 bxc4 36. Ne4 h5 37. gxh5 Bxh5 38. Nc5 Bxd1 39. Ne6+ Kf7 40. Nxd8+ Rxd8 41. Rxd1 g6 42. Nd6+ Ke6 43. Nxb7 c3 44. Nc5+ Ke7 45. Rc1 Kd6 46.
Rxc3 Kc7 47. Kg5 Rg8 48. a6 Rb8 49. Rd3 Kd8 50. Ne6+ 1-0

[Event "Early-Titled-Tuesday-Blitz-March-19-2024"]
[Site "Chess.com"]
[Date "2024.03.19"]
[Round "2"]
[White "GreenPeach24"]
[Black "SamCopeland"]
[Result "0-1"]
[WhiteElo "2555"]
[BlackElo "2369"]
[TimeControl "180+1"]
[EndTime "8:18:17 PDT"]
[Termination "SamCopeland won by checkmate"]

1. e4 c6 2. d4 d5 3. exd5 cxd5 4. Bd3 Nc6 5. c3 Qc7 6. h3 e5 7. dxe5 Nxe5 8. Bb5+ Nc6 9. Nf3 Bd6 10. O-O Ne7 11. Nbd2 O-O 12. Re1 Bf5 13. Nf1 Rad8 14. Bd3 Bg6 15.
Bxg6 Nxg6 16. Ne3 Nf4 17. Nf5 Rfe8 18. Bxf4 Bxf4 19. Qxd5 Rxe1+ 20. Rxe1 g6 21. Qc4 gxf5 22. Nh4 Qe5 23. Nf3 Qd6 24. b4 a6 25. a4 Bh6 26.
Qh4 Bg7 27. Ng5 Qh6 28. Qg3 Qg6 29. b5 axb5 30. axb5 Ne5 31. Qe3 h6 32. Nf3 Rd3 33. Qxd3 Nxd3 34. Re8+ Kh7 35. Rb8 Qb6 36. c4 Qxf2+ 37.
Kh1 Nf4 38. Ne1 Qxe1+ 39. Kh2 Qf2 40. Rh8+ Kxh8 41. h4 Qxg2# 0-1

[Event "Early-Titled-Tuesday-Blitz-March-19-2024"]
[Site "Chess.com"]
[Date "2024.03.19"]
[Round "2"]
[White "axvesik"]
[Black "Chessbard1972"]
[Result "1-0"]
[WhiteElo "2565"]
[BlackElo "2336"]
[TimeControl "180+1"]
[EndTime "8:18:17 PDT"]
[Termination "axvesik won by checkmate"]

1. e4 c5 2. Nf3 a6 3. c3 d5 4. exd5 Qxd5 5. d4 Nf6 6. Be2 Bg4 7. O-O e6 8. Nbd2 cxd4 9. cxd4 Nc6 10. h3 Bh5 11. g4 Bg6 12. Nc4 Qd8 13. Nce5 Be4 14.
Re1 Bb4 15. Bd2 Bxd2 16. Qxd2 O-O 17. Qf4 Bd5 18. Rac1 Rc8 19. Nxc6 Rxc6 20. Ne5 Rxc1 21. Rxc1 Bxa2 22. Bd3 g6 23. h4 Nd5 24. Qh6 Qe7 25. h5 f6 26. hxg6 hxg6 27. Nxg6 Qg7 28. Qxg7+ Kxg7 29. Nxf8 Kxf8 30. Rc8+ Ke7 31. Rb8 b5 32. Ra8 Nb4 33. Be4 Kd6 34. f4 Bd5 35. Bxd5 Kxd5 36.
g5 fxg5 37. fxg5 Nc6 38. g6 Ne7 39. g7 Kxd4 40. Re8 Ng8 41. Rxg8 Kc4 42. Re8 Kb3 43. g8=Q Kxb2 44. Qxe6 b4 45. Qxa6 b3 46. Re2+ Kc3 47. Qc6+ Kb4 48. Rb2 Ka3 49. Qc3 Ka4 50. Qxb3+ Ka5 51.
Qa3# 1-0

[Event "Early-Titled-Tuesday-Blitz-March-19-2024"]
[Site "Chess.com"]
[Date "2024.03.19"]
[Round "2"]
[White "InitiatingASC"]
[Black "nabukatnezarr"]
[Result "0-1"]
[WhiteElo "2348"]
[BlackElo "2569"]
[TimeControl "180+1"]
[EndTime "8:18:21 PDT"]
[Termination "nabukatnezarr won on time"]

1. d4 Nf6 2. c4 g6 3. Nc3 Bg7 4.
e4 O-O 5. Nf3 c5 6. d5 d6 7. Be2 Na6 8. O-O Nc7 9. Re1 e6 10.
a4 Re8 11. Bg5 h6 12. Bh4 e5 13. Nd2 Na6 14. Nb5 Nb4 15. f3 a6 16. Na3 Qb6 17.
Nc2 Nh7 18. a5 Qc7 19. Nxb4 cxb4 20. Qb3 Bf6 21. Bf2 Bg5 22. Qxb4 f5 23. Bb6 Qe7 24. Bd3 Nf6 25. Nf1 fxe4 26. Bxe4 Nxe4 27. fxe4 Bd7 28. Bc7 Rac8 29. Bxd6 Qf6 30. Bc5 h5 31. Ra3 Rc7 32. Rf3 Qg7 33. Bb6 Rcc8 34. h3 Be7 35. Qc3 g5 36. b3 g4 37. hxg4 hxg4 38. Rd3 Bh4 39. g3 Bg5 40. Kg2 Kf7 41. Ne3 Rh8 42. Rf1+ Kg6 43. Nf5 Qh7 44. Kf2 Rcf8 45. Ke1 Bxf5 46.
exf5+ Rxf5 47. Rxf5 Kxf5 48. Kd1 Qh1+ 49. Qe1 Qe4 50.
Qxe4+ Kxe4 0-1

[Event "Early-Titled-Tuesday-Blitz-March-19-2024"]
[Site "Chess.com"]
[Date "2024.03.19"]
[Round "2"]
[White "zubridis"]
[Black "trriinu"]
[Result "1-0"]
[WhiteElo "2536"]
[BlackElo "2295"]
[TimeControl "180+1"]
[EndTime "8:18:21 PDT"]
[Termination "zubridis won on time"]

1. e4 d5 2. exd5 Qxd5 3. Nc3 Qd6 4. g3 Nf6 5. Bg2 Nc6 6. Nge2 Bg4 7. h3 Bh5 8. O-O e6 9. d3 O-O-O 10. b4 Nxb4 11.
g4 Bg6 12. Nf4 Qc5 13. Bd2 Bd6 14. Nxg6 hxg6 15. Rb1 Qe5 16. f4 Qd4+ 17. Kh1 Nbd5 18. Nb5 Qa4 19. c4 Qxd1 20. Rfxd1 Nb6 21. Nxa7+ Kb8 22.
Nb5 Nxg4 23. Kg1 Bc5+ 24. d4 Rxd4 25. Nxd4 Bxd4+ 26. Kf1 Nf2 27. Rdc1 Nxh3 28. c5 Nd5 29. Rc4 Bf6 30. c6 b6 31. Rb3 Nhxf4 32. Bxf4 Nxf4 33.
Rxf4 Rd8 34. Ra4 Rd1+ 35. Ke2 Rd6 36. Rba3 1-0

[Event "Early-Titled-Tuesday-Blitz-March-19-2024"]
[Site "Chess.com"]
[Date "2024.03.19"]
[Round "2"]
[White "Vaibhavraut99"]
[Black "wonderfultime"]
[Result "0-1"]
[WhiteElo "2716"]
[BlackElo "3078"]
[TimeControl "180+1"]
[EndTime "8:18:23 PDT"]
[Termination "wonderfultime won on time"]

1. c4 c6 2. d4 d5 3. cxd5 cxd5 4. Nf3 Nf6 5. Nc3 Nc6 6. Bg5 Ne4 7. Bd2 Nxd2 8. Qxd2 Bf5 9. e3 e6 10. Be2 Bd6 11. O-O Rc8 12. Rac1 O-O 13. h3 Bb8 14.
Na4 Qd6 15. Nc5 Rc7 16. Bd3 Bg6 17. Bxg6 fxg6 18. e4 dxe4 19. Nxe4 Qd5 20. Nc3 Qf5 21. Rfe1 Rd7 22. Qe2 Re7 23. Ne4 h6 24. Rc5 Qf4 25.
Qe3 Qc7 26. Ne5 Kh7 27. g3 Qb6 28. Nxc6 bxc6 29. b3 Rd8 30. Rc4 Red7 31. Nc5 Rf7 32. Nxe6 Rc8 33. h4 Qa5 34. Qe4 Rf6 35. Re2 Bd6 36.
Kg2 Qh5 37. d5 cxd5 0-1

[Event "Early-Titled-Tuesday-Blitz-March-19-2024"]
[Site "Chess.com"]
[Date "2024.03.19"]
[Round "2"]
[White "LiadCuba"]
[Black "Matols"]
[Result "1-0"]
[WhiteElo "2568"]
[BlackElo "2345"]
[TimeControl "180+1"]
[EndTime "8:18:23 PDT"]
[Termination "LiadCuba won on time"]

1. d4 d5 2. c4 e6 3. Nc3 Nf6 4. Nf3 a6 5. cxd5 exd5 6. Bf4 Bd6 7. Qd2 Bf5 8. Rc1 c6 9. Ne5 O-O 10. e3 Re8 11. Be2 Qe7 12. O-O Nbd7 13. Nd3 Ne4 14. Nxe4 Bxe4 15. Bxd6 Qxd6 16. Nc5 Nxc5 17. Rxc5 Re6 18.
Bd3 Rh6 19. h3 Re8 20. Bxe4 Rxe4 21. Qb4 Qd7 22. Rfc1 Rxh3 23. Rxc6 bxc6 24. gxh3 h5 25.
Qb8+ Kh7 26. Qg3 h4 27. Qf3 g6 28. Rc3 Kg7 29. Rb3 Qe6 30. Rb8 Qd6 31. Rb7 Qe6 32. Kf1 c5 33. dxc5 Rc4 34. b4 Rc1+ 35. Kg2 d4 36. exd4 Rc2 37. d5 1-0